AoeStats
← Mr. Penis

Black Forest

509318854Analyzed
4v4 RM · 5d ago on Sep 26, 2026· 19m 19s· 8 players
Game mode
Random Map
Map size
Large (8 player)
Population
200
Speed
Normal
Resources
Standard
Victory
Conquest
Starting age
Dark Age
Ending age
Imperial Age
RankedLock teamsTeams togetherTeam positionsShared explorationLock speedFull tech treeHidden civsTurbo modeCheats
Victory
Defeat
🇹🇼 Huns · Taiwan
1408
+14
🇳🇿 Byzantines · New Zealand
1387
+15
🇨🇳 Chinese · China
1279
+19
🇨🇳 Mongols · China
1230
+21
🇧🇷 Celts · Brazil
1418
-20
🇨🇳 Britons · China
1370
-18
🇷🇺 Jurchens · Russia
1331
-16
🇨🇳 Koreans · China
1287
-15
Mr. Penis
3333
[ GG ] SHAKA
FF熊熊
master
Inklimus
0:27 Loom
14:08 Feudal Age
18:04 Man-at-Arms
21:45 Castle Age
Zacchaeus
有个小草
1:06 Loom
13:15 Feudal Age
17:04 Castle Age
14:55 Double-Bit Axe
14:53 Horse Collar
Connection lost

Rejoining the realm…

Still unreachable

The connection could not be restored.

Session expired

The server has moved on; the page needs a fresh start.